 Dungeon Crawl Stone Soup version 0.18-a0-971-g0af6217 (webtiles) character file.

18334 tof the Covert (level 12, -9/91 HPs)
             Began as a Demonspawn Fighter on Jan 2, 2016.
             Was a High Priest of Nemelex Xobeh.
             Mangled by Rupert
             ... wielding a +3 great mace of holy wrath
              (26 damage)
             ... on level 3 of the Lair of Beasts.
             The game lasted 01:02:39 (14259 turns).

tof the Covert (Demonspawn Fighter)                Turns: 14259, Time: 01:02:40

Health: -9/91      AC:  8    Str: 17    XL:     12   Next: 26%
Magic:  15/17      EV: 24    Int: 10    God:    Nemelex Xobeh [*****.]
Gold:   656        SH: 12    Dex: 24    Spells: 0 memorised, 11 levels left

rFire  + . .     SeeInvis .     a - +2 trident (elec)
rCold  . . .     Gourm    .     H - +1 troll leather armour
rNeg   . . .     Faith    .     c - +0 shield
rPois  .         Spirit   .     (no helmet)
rElec  .         Dismiss  .     (no cloak)
rCorr  .         Reflect  .     h - +1 pair of gloves
SustAt .         Harm     .     (no boots)
MR     .....                    g - amulet of regeneration
Stlth  +++++++...               l - +3 ring of slaying
                                V - ring of stealth

@: agile, not resistant to hostile enchantments, extremely stealthy
A: claws 1, hooves 1, thin skeletal structure 1, fire resistance 1, powered by
pain 2
a: Triple Draw, Deal Four, Stack Five, Renounce Religion


You were on level 3 of the Lair of Beasts.
You worshipped Nemelex Xobeh.
Nemelex Xobeh was extremely pleased with you.
You were not hungry.

You visited 2 branches of the dungeon, and saw 13 of its levels.

You collected 690 gold pieces.

Inventory:

Hand Weapons
 a - a +2 trident of electrocution (weapon)
Armour
 c - a +0 shield (worn)
 h - a +1 pair of gloves (worn)
 v - a +1 leather armour of fire resistance
 H - a +1 troll leather armour (worn)
Jewellery
 g - an amulet of regeneration (around neck)
 l - a +3 ring of slaying (right hand)
 w - an uncursed ring of protection from magic
 G - an uncursed amulet of resist corrosion
 V - a ring of stealth (left hand)
Wands
 n - a wand of magic darts (28/48)
 q - a wand of digging (24/24)
 s - a wand of polymorph (14/24)
 K - a wand of enslavement (21/24)
 T - a wand of teleportation (4/9)
Scrolls
 b - 2 scrolls of recharging
 i - 4 scrolls of remove curse
 m - 5 scrolls of identify
 t - a scroll of magic mapping
 u - a scroll of teleportation
 M - a scroll of blinking
 R - a scroll of silence {unknown}
 Y - a scroll of fog
Potions
 d - 2 potions of might
 j - a potion of haste {unknown}
 k - 2 potions of berserk rage {unknown}
 B - 6 potions of curing
 C - a potion of brilliance
 D - 2 potions of cure mutation {unknown}
 E - 4 potions of poison {unknown}
 F - 2 potions of invisibility {unknown}
 N - a potion of agility {unknown}
Miscellaneous
 e - an ornate deck of destruction {drawn: 7}
 o - a disc of storms
 r - an ornate deck of war
 I - a plain deck of escape
 O - a legendary deck of war
 P - a plain deck of escape
 Q - a legendary deck of destruction
 S - an ornate deck of war
 U - a plain deck of war
 X - a plain deck of escape
Comestibles
 f - 12 bread rations
 p - 9 meat rations
 Z - 4 chunks of flesh


   Skills:
 + Level 7.4 Fighting
 + Level 7.6 Polearms
 + Level 5.8 Armour
 + Level 8.2 Dodging
 * Level 8.8 Stealth
 + Level 8.1 Shields
 * Level 7.1 Evocations


You had 11 spell levels left.
You didn't know any spells.

Dungeon Overview and Level Annotations

Branches:
Dungeon (10/15)            Temple (0/1) D:4            Lair (3/8) D:10
 Spider (0/4) Lair:3
  Swamp: Lair:3-6    Shoals: Lair:3-6       Orc: D:9-12

Altars:
Ashenzari
Cheibriados
Dithmenos
Elyvilon
Kikubaaqudgha
Makhleb
Nemelex Xobeh
Okawaru
Pakellas
Ru
Trog
Xom
Zin
The Shining One

Shops:
D:10 *[

Annotations:
Lair:3 Rupert


Innate Abilities, Weirdness & Mutations

You have sharp fingernails.
You have a somewhat thin skeletal structure (Dex +2, Stealth).
Your flesh is heat resistant.
You sometimes gain power by taking damage.
You have large cloven feet.


Message History

You convulse!
* * * LOW HITPOINT WARNING * * *
The worker ant barely misses you.
Drink which item? (? for menu, Esc to quit)
You feel much better. Rupert barely misses you.
You block the worker ant's attack.
Evoke which item? (* to show all) (? for menu, Esc to quit)
You draw a card...
It is the Orb.
You have drawn the Orb.
Press: ? - help, Shift-Dir - straight line, f/p - Rupert
Aim: Rupert, wielding a great mace of holy wrath and wearing a scale mail (heavily wounded, berserk, fast, unusually strong)
The orb of energy hits Rupert.
Rupert is severely wounded.
Rupert hits you with a great mace of holy wrath!!
* * * LOW HITPOINT WARNING * * *
You focus on the pain.
You feel agile all of a sudden.
You convulse!!
You die...
Your body glows slightly and disappears.

## #.......#######..####
.#####P......# #P......#P##
....##.......# ##..<......#####
...#.###..#######.........P.#.#
....####..# #.##............##
#....##..######. ##........#...#
##...##......... #.##..#..#.#.##
#.............@####P.#.###.#.##
#.#.##.####.##.a@####....#...#.#
.#.#.### #.##...P#..##..^...##
.## . ..#....####....###^# #
#.......#...>##..##
#.#.....#.#.#^.^.#^#
..##......##^###^.#### aa##
#.......#^..##.#...
.....#.....#..#^###.#...
#.....<.##.##...#...


You could see Rupert (berserk) and a worker ant.

Vanquished Creatures
  A hydra (Lair:1)
  Erica (D:9)
  Pikel (D:9)
  2 hill giants (D:10)
  An elephant (D:10)
  2 black mambas (Lair:2)
  A gargoyle (D:10)
  8 spiny frogs
  2 komodo dragons (Lair:2)
  2 fire drakes
  2 trolls (D:8)
  A polar bear (Lair:2)
  4 blink frogs
  A spriggan (D:7)
  A wraith (D:10)
  A tarantella (Lair:3)
  6 yaks
  A basilisk (Lair:2)
  Grum (D:8)
  6 hippogriffs
  Edmund (D:4)
  The ghost of PeterLawrence the Skirmisher, an amateur GrFi (D:3)
  4 wolves (D:8)
  5 water moccasins
  5 porcupines
  3 ice beasts
  2 sky beasts
  3 orc warriors
  A slave (D:9)
  2 phantoms
  An ogre (D:7)
  2 centaurs
  7 crocodiles
  Blork the orc (D:6)
  A wyvern zombie (D:6)
  3 big kobolds
  12 giant frogs
  3 scorpions
  3 wyvern skeletons
  6 killer bees (D:9)
  5 wights
  3 jellies
  4 crimson imps
  3 orc priests
  2 giant frog skeletons
  6 hounds
  7 orc wizards
  10 iguanas
  6 worker ants
  2 killer bee zombies
  8 sheep
  4 hound zombies
  A hound skeleton (D:6)
  A worker ant zombie (D:10)
  4 gnolls (D:8)
  13 adders
  8 river rats (Lair:1)
  A shadow imp (D:5)
  3 oozes
  5 adder skeletons
  3 adder zombies
  4 worms
  10 giant geckos
  22 orcs
  4 giant cockroaches
  6 goblins
  6 hobgoblins
  11 jackals
  16 kobolds
  5 quokkas
  4 ball pythons
  3 bats
  7 giant newts
  A jackal zombie (D:5)
  A quokka zombie (D:5)
  4 rats
  15 plants
329 creatures vanquished.

Vanquished Creatures (collateral kills)
  Prince Ribbit (D:6)
  2 wights (D:5)
  2 crimson imps (D:5)
  An iguana (D:6)
  A worker ant (D:5)
7 creatures vanquished.

Vanquished Creatures (others)
  A wolf spider (D:5)
  A quokka (D:8)
2 creatures vanquished.

Grand Total: 338 creatures vanquished

Notes
Turn   | Place    | Note
--------------------------------------------------------------
     0 | D:1      | tof the Demonspawn Fighter began the quest for the Orb.
     0 | D:1      | Reached XP level 1. HP: 18/18 MP: 1/1
   423 | D:1      | Gained mutation: You have a somewhat thin skeletal structure (Dex +2, Stealth). [demonic ancestry]
   423 | D:1      | Reached XP level 2. HP: 18/24 MP: 2/2
  1192 | D:2      | Reached XP level 3. HP: 25/29 MP: 3/3
  1326 | D:2      | Reached skill level 1 in Stealth
  1399 | D:2      | Found a sparkling altar of Nemelex Xobeh.
  1423 | D:2      | Became a worshipper of Nemelex Xobeh the Trickster
  1644 | D:2      | Received a gift from Nemelex Xobeh
  1650 | D:2      | Found a glowing golden altar of the Shining One.
  1869 | D:2      | Reached XP level 4. HP: 28/35 MP: 4/4
  2084 | D:3      | Reached skill level 1 in Dodging
  2226 | D:3      | Noticed PeterLawrence's ghost (amateur GrFi)
  2265 | D:4      | Noticed Edmund
  2299 | D:4      | Killed Edmund
  2299 | D:4      | Reached XP level 5. HP: 20/41 MP: 5/5
  2726 | D:4      | Reached * piety under Nemelex Xobeh
  2726 | D:4      | Found a staircase to the Ecumenical Temple.
  3110 | D:5      | Entered Level 5 of the Dungeon
  3117 | D:5      | Reached XP level 6. HP: 48/48 MP: 6/6
  3124 | D:5      | Received a gift from Nemelex Xobeh
  3521 | D:5      | Found an oddly glowing altar of Pakellas.
  3521 | D:5      | Noticed a wolf spider
  3640 | D:5      | Killed a wolf spider
  3767 | D:5      | Reached skill level 4 in Armour
  4229 | D:5      | Reached XP level 7. HP: 34/54 MP: 7/7
  5105 | D:5      | Found a sacrificial altar of Ru.
  5803 | D:6      | Reached XP level 8. HP: 12/60 MP: 8/8
  6099 | D:6      | Noticed Blork the orc
  6107 | D:6      | Killed Blork the orc
  6283 | D:6      | Reached skill level 5 in Shields
  6360 | D:6      | Found a burning altar of Makhleb.
  6373 | D:6      | Received a gift from Nemelex Xobeh
  6500 | D:6      | Reached skill level 5 in Armour
  6507 | D:6      | Noticed Prince Ribbit
  6528 | D:6      | Killed Prince Ribbit
  6619 | D:6      | Reached ** piety under Nemelex Xobeh
  6652 | D:6      | Reached skill level 1 in Evocations
  7137 | D:3      | Found an ancient bone altar of Kikubaaqudgha.
  7223 | D:3      | Killed PeterLawrence's ghost
  7558 | D:7      | Reached skill level 5 in Stealth
  7558 | D:7      | Gained mutation: You have sharp fingernails. [demonic ancestry]
  7558 | D:7      | Reached XP level 9. HP: 67/67 MP: 10/10
  7672 | D:7      | Reached skill level 5 in Fighting
  7831 | D:7      | Gained mutation: You have large cloven feet. [mutagenic meat]
  7923 | D:7      | Reached skill level 5 in Polearms
  8010 | D:7      | Found a shattered altar of Ashenzari.
  8090 | D:7      | Found an iron altar of Okawaru.
  8091 | D:7      | Received a gift from Nemelex Xobeh
  8144 | D:7      | Reached *** piety under Nemelex Xobeh
  8692 | D:8      | Reached skill level 6 in Shields
  8703 | D:8      | Noticed Grum
  8717 | D:8      | Killed Grum
  8734 | D:8      | Gained mutation: You sometimes gain a little power by taking damage. [demonic ancestry]
  8734 | D:8      | Reached XP level 10. HP: 26/76 MP: 13/13
  8864 | D:8      | Found a white marble altar of Elyvilon.
  8933 | D:8      | Found a bloodstained altar of Trog.
  9144 | D:8      | Received a gift from Nemelex Xobeh
  9210 | D:8      | Reached skill level 5 in Dodging
  9366 | D:9      | Found a shimmering altar of Xom.
  9393 | D:9      | Found a shadowy altar of Dithmenos.
  9643 | D:9      | Noticed Pikel
  9700 | D:9      | Killed Pikel
  9818 | D:9      | Noticed Erica
  9838 | D:9      | Killed Erica
  9838 | D:9      | Reached skill level 5 in Evocations
  9920 | D:9      | Reached **** piety under Nemelex Xobeh
 10005 | D:9      | Found a snail-covered altar of Cheibriados.
 10006 | D:9      | Found a glowing silver altar of Zin.
 10028 | D:9      | Found a sparkling altar of Nemelex Xobeh.
 10249 | D:10     | Entered Level 10 of the Dungeon
 10373 | D:10     | Received a gift from Nemelex Xobeh
 10380 | D:10     | Noticed an elephant
 10380 | D:10     | Reached skill level 7 in Stealth
 10394 | D:10     | Killed an elephant
 10458 | D:10     | Found a staircase to the Lair.
 10511 | D:10     | Found Dorij's Elemental Accessories.
 10528 | D:10     | Received a gift from Nemelex Xobeh
 10811 | D:10     | Noticed a hill giant
 10820 | D:10     | Killed a hill giant
 10820 | D:10     | Gained mutation: You sometimes gain power by taking damage. [demonic ancestry]
 10820 | D:10     | Reached XP level 11. HP: 83/83 MP: 15/15
 10927 | D:10     | Noticed a hill giant
 10934 | D:10     | Killed a hill giant
 11104 | D:10     | Found Pypauf's Armour Shop.
 11338 | Lair:1   | Entered Level 1 of the Lair of Beasts
 11359 | Lair:1   | HP: 1/83 [yak (12)]
 11489 | Lair:1   | Noticed a four-headed hydra
 11498 | Lair:1   | Killed a four-headed hydra
 11806 | Lair:1   | Reached skill level 8 in Stealth
 12236 | Lair:1   | Received a gift from Nemelex Xobeh
 12732 | Lair:2   | Received a gift from Nemelex Xobeh
 12986 | Lair:2   | Received a gift from Nemelex Xobeh
 13031 | Lair:2   | Gained mutation: Your flesh is heat resistant. [demonic ancestry]
 13031 | Lair:2   | Reached XP level 12. HP: 82/91 MP: 17/17
 13376 | Lair:2   | Reached ***** piety under Nemelex Xobeh
 13726 | Lair:3   | Received a gift from Nemelex Xobeh
 14001 | Lair:3   | Found a hole to the Spider Nest.
 14182 | Lair:3   | Received a gift from Nemelex Xobeh
 14243 | Lair:3   | Noticed Rupert
 14259 | Lair:3   | Mangled by Rupert

Vault maps used:
D:1:      evilmike_arrival_rings
D:2:      marbit_many_paths, nemelex_dance_club_becter
D:3:      lemuel_coloured_pillars_altar, first_bread
D:4:      minmay_temple_entry_large_hall, minmay_crystal_room, uniq_edmund
D:5:      forest_paths, gammafunk_pakellas_cloud_experiment,
          kennysheep_little_box
D:6:      lemuel_round_altar, uniq_prince_ribbit1, uniq_blork_the_orc
D:7:      ashenzari_altar_1, okawaru_ov_weapons_minmay, st_stairs_5, the_bakery
D:8:      lightli_temple_of_fire, elyvilon_altar_4, uniq_grum
D:9:      grunt_dithmenos_smoke, overflow_temple_1_default, xom_butterflies,
          gammafunk_temple_overflow_pools, uniq_erica, uniq_pikel
D:10:     david_lair_generic, serial_shops, shop, nicolae_elemental_shop
Lair:1:   wad_woods_structure_01, st_stairs_13
Lair:2:   grunt_megastairs_1, infiniplex_staircase_pool_2
Lair:3:   spider_nest_entry_rubble, minivault_24, minmay_another_anthill,
          uniq_rupert

Action                   |  1- 3 |  4- 6 |  7- 9 | 10-12 || total
-------------------------+-------+-------+-------+-------++-------
Melee: Trident           |   154 |   190 |   490 |   687 ||  1521
Invok: Deal Four         |       |       |       |     1 ||     1
       Triple Draw       |       |       |       |     1 ||     1
Evoke: Deck              |       |     3 |     6 |     6 ||    15
  Use: Scroll            |       |       |    22 |     4 ||    26
       Potion            |       |       |     2 |     2 ||     4
 Stab: Sleeping          |       |     1 |     9 |    23 ||    33
       Distracted        |       |       |     4 |     1 ||     5
  Eat: Chunk             |     3 |     3 |    12 |    12 ||    30
       Beef jerky        |       |     2 |     1 |     1 ||     4
       Pizza             |       |     1 |       |       ||     1
       Fruit             |       |     1 |     3 |     1 ||     5
       Bread ration      |       |       |       |     1 ||     1
